 Dungeon Crawl Stone Soup version 0.31.0-32-g396128a36d (webtiles) character file.

Game seed: 1618566848447880847

2216 Killerpretzel the Changeling (level 9, -3/60 (61) HPs)
             Began as an Octopode Shapeshifter on Mar 8, 2024.
             Was a Believer of Vehumet.
             Slain by a wight
             ... wielding a +0 great sword
              (8 damage)
             ... on level 8 of the Dungeon.
             The game lasted 00:09:57 (6329 turns).

Killerpretzel the Changeling (OpSh)                 Turns: 6329, Time: 00:09:57

HP:   -3/60 (61)    AC:  5    Str: 14    XL:     9   Next: 35%
MP:   9/9           EV: 22    Int: 12    God:    Vehumet [**....]
Gold: 529           SH:  0    Dex: 21    Spells: 8/8 levels left

rFire   . . .        l - +0 hand axe of Earthquakes {flame, rN+}
rCold   . . .        (no shield)
rNeg    + . .        (helmet currently unavailable)
rPois   .            i - amulet of magic regeneration
rElec   .            e - +4 ring of protection
rCorr   .            g - +5 ring of evasion
SInv    .            m - +6 ring of dexterity
Will    .....        (no ring)
Stlth   +++          (no ring)
HPRegen 0.30/turn    (no ring)
MPRegen 0.51/turn    (no ring)
                     (no ring)

%: no passive effects
@: beast-form, lightly drained
A: beast (slay +4), almost no armour, amphibious, 8 rings, camouflage 1,
gelatinous body 1, (nimble swimmer 1), tentacles
a: Begin Untransformation, Renounce Religion


You were on level 8 of the Dungeon.
You worshipped Vehumet.
Vehumet was pleased with you.
You were a hulking beast.
You visited 2 branches of the dungeon, and saw 9 of its levels.
You also visited: Sewer.

You collected 529 gold pieces.

Inventory:

Hand Weapons
 l - the +0 hand axe of Earthquakes (weapon) {flame, rN+}
   (You found it on level 4 of the Dungeon)

   rN+:       It protects you from negative energy.
Jewellery
 e - a +4 ring of protection (left tentacle)
 g - a +5 ring of evasion (right tentacle)
 i - an amulet of magic regeneration (around mantle)
 m - a +6 ring of dexterity (on tentacle)
Talismans
 b - a beast talisman
 c - a flux talisman
 p - a blade talisman
Wands
 r - a wand of acid (11)
 w - a wand of flame (8)
Scrolls
 n - 3 scrolls of enchant weapon
 s - a scroll of vulnerability
 v - 2 scrolls of enchant armour
Potions
 a - 3 potions of lignification
 d - a potion of brilliance
 f - 2 potions of curing
 h - 2 potions of cancellation
 j - a potion of heal wounds {unknown}
 k - a potion of degeneration
 o - a potion of might {unknown}
 u - 2 potions of enlightenment
 x - a potion of haste {unknown}


   Skills:
 + Level 5.4 Fighting
 + Level 5.7 Dodging
 + Level 6.2 Unarmed Combat
 * Level 7.7 Shapeshifting


You had 8 spell levels left.
You didn't know any spells.
Your spell library contained the following spells:

 Spells                   Type           Power      Damage    Failure   Level
 Stone Arrow              Conj/Erth      0%         3d7       69%         3
 Magic Dart               Conj           0%         1d3       32%         1
 Blink                    Tloc           0%         N/A       45%         2
 Call Imp                 Summ           0%         N/A       45%         2
 Ensorcelled Hibernation  Hex/Ice        0%         N/A       45%         2
 Mercury Vapours          Alch/Air       0%         N/A       45%         2
 Fugue of the Fallen      Necr           0%         N/A       69%         3
 Mephitic Cloud           Conj/Alch/Air  0%         N/A       69%         3
 Anguish                  Hex/Necr       0%         N/A       97%         4
 Freezing Cloud           Conj/Ice/Air   0%         6-21      100%        5
 Conjure Ball Lightning   Conj/Air       0%         3x3d6     100%        6
 Discord                  Hex            0%         N/A       100%        8
 Disjunction              Tloc           0%         N/A       100%        8


Dungeon Overview and Level Annotations

Branches:
Dungeon (8/15)             Temple (1/1) D:5           Sewer (visited)
   Lair: D:8-11

Altars:
Ashenzari
Cheibriados
Dithmenos
Elyvilon
Fedhas
Gozag
Hepliaklqana
Kikubaaqudgha
Makhleb
Nemelex Xobeh
Okawaru
Qazlal
Ru
Sif Muna
Trog
Uskayaw
Vehumet
Wu Jian
Xom
Yredelemnul
Zin
The Shining One

Shops:
D:3 ?   D:4 ?   D:7 (

Annotations:
D:6 1 runed translucent door, Beaer's ghost, amateur TrFi; Maggie


Innate Abilities, Weirdness & Mutations

You are a hulking beast.
Your limbs bulge with bestial killing power. (Slay +4)
You cannot wear most types of armour.
You are amphibious.
You can wear up to eight rings at the same time.
Your skin changes colour to match your surroundings (Stealth+).
Your rubbery body absorbs attacks. (AC +1, EV +1)
((You are camouflaged when in or above water. (Stealth+)))
You have tentacles for arms and can constrict up to eight enemies at once.


Message History

You hit the orc. You burn the orc.
You kill the orc!
Vehumet accepts your kill.
You barely miss the wight. You grab the wight.
You constrict the wight, but do no damage.
The wight hits you with a +2 mace!
You completely miss the wight. You constrict the wight.
The wight barely misses you. The wight hits you with a +2 mace.
* * * LOW HITPOINT WARNING * * *
You partially resist.
You feel drained.
* * * LOW HITPOINT WARNING * * *
You feel better.
You constrict the wight. The wight hits you with a +2 mace!
* * * LOW HITPOINT WARNING * * *
You slash the wight! You burn the wight.
You destroy the wight!
Vehumet accepts your kill.
Your life force feels restored.
You barely miss the wight. You grab the wight. You squeeze the wight.
The wight is moderately damaged.
You constrict the wight.
The wight hits you with a +0 great sword.
* * * LOW HITPOINT WARNING * * *
You hit the wight but do no damage.
The wight is moderately damaged.
You constrict the wight, but do no damage.
The wight hits you with a +0 great sword.
* * * LOW HITPOINT WARNING * * *
You partially resist.
You feel drained.
* * * LOW HITPOINT WARNING * * *
The wight misses you.
Okay, then.
The air fills with toxic fumes!
As you read the scroll of poison, it crumbles to dust.
You constrict the wight. The wight completely misses you.
You hit the wight. You burn the wight.
You squeeze the wight, but do no damage.
The wight is almost destroyed.
You constrict the wight.
The wight hits you with a +0 great sword!
You die...

#<.............#
#.........#....# #
#.........#....# .#
#........§#....###.###
#........§§§...(......
#........§§§§......##.
#........§§§§§.....#
##+#+######+§§§######§§§
+§§ozh§§§§§§§
#§§§######### #§§..
§§§.z(. ##§......
#........ #.#.......
#.#........


You could see a wight and an orc priest.

Vanquished Creatures
  A steam dragon (D:5)
  A water moccasin (D:6)
  2 black bears
  An ice beast (D:6)
  3 sky beasts
  A phantom (D:6)
  A kobold brigand (D:6)
  2 bullfrogs (Sewer)
  2 scorpions (D:6)
  2 wights (D:8)
  A howler monkey (D:4)
  3 bombardier beetles (D:4)
  2 orc priests (D:5)
  2 hounds (D:4)
  5 iguanas
  2 sleepcaps
  5 orc wizards
  9 gnolls
  10 adders
  A shadow imp (D:7)
  A white imp (D:5)
  4 ufetubi
  13 dart slugs
  A ribbon worm (D:6)
  22 orcs
  10 endoplasms
  11 giant cockroaches
  6 goblins
  6 hobgoblins
  3 jackals (D:3)
  17 kobolds
  4 quokkas
  10 ball pythons
  4 bats
  19 frilled lizards
  5 rats
192 creatures vanquished.

Notes
Turn   | Place    | Note
-------+----------+-------------------------------------------
     0 | D:1      | Killerpretzel the Octopode Shapeshifter began the quest for
                  | the Orb.
     0 | D:1      | Reached XP level 1. HP: 13/13 MP: 1/1
    76 | D:1      | Reached XP level 2. HP: 13/18 MP: 2/2
   734 | D:2      | Reached XP level 3. HP: 19/23 MP: 3/3
  1510 | D:3      | Found Laabbeabb's Magic Scroll Boutique.
  1590 | D:3      | Reached XP level 4. HP: 29/29 MP: 4/4
  2028 | D:4      | Reached skill level 4 in Shapeshifting
  2058 | D:4      | Noticed a two-headed ogre
  2069 | D:4      | Reached XP level 5. HP: 31/34 MP: 5/5
  2193 | D:4      | Reached XP level 6. HP: 35/41 MP: 6/6
  2364 | D:4      | Found Xerirche's Magic Scroll Shop.
  2451 | D:4      | Identified the +0 hand axe of Earthquakes {flame, rN+}
  2551 | D:4      | Reached skill level 5 in Shapeshifting
  2585 | D:4      | Found a sparkling altar of Nemelex Xobeh.
  2644 | D:4      | Found a bloodstained altar of Trog.
  2644 | D:4      | Found a burning altar of Makhleb.
  2696 | D:4      | Reached XP level 7. HP: 40/46 MP: 7/7
  2838 | D:4      | Found a basalt altar of Yredelemnul.
  2983 | D:4      | Found an ornate altar of the Wu Jian Council.
  3135 | D:5      | Entered Level 5 of the Dungeon
  3317 | D:5      | Found an iron altar of Okawaru.
  3437 | D:5      | Found a radiant altar of Vehumet.
  3444 | D:5      | Became a worshipper of Vehumet
  3517 | D:5      | Noticed a steam dragon
  3528 | D:5      | Killed a steam dragon
  3529 | D:5      | Reached skill level 6 in Shapeshifting
  3529 | D:5      | Reached XP level 8. HP: 17/54 MP: 8/8
  3848 | D:5      | Found a staircase to the Ecumenical Temple.
  3857 | Temple   | Entered the Ecumenical Temple
  4022 | D:6      | Found a glowing drain.
  4089 | D:6      | Found a runed translucent door.
  4123 | Sewer    | Entered a sewer
  4139 | Sewer    | Reached skill level 5 in Unarmed Combat
  4272 | Sewer    | Reached * piety under Vehumet
  4272 | Sewer    | Offered knowledge of Shock by Vehumet.
  4580 | D:6      | Noticed Beaer's ghost (amateur TrFi)
  4640 | D:6      | Reached ** piety under Vehumet
  4640 | D:6      | Offered knowledge of Freeze by Vehumet.
  4784 | D:6      | Noticed Maggie
  4896 | D:6      | Reached skill level 5 in Dodging
  5021 | D:6      | Reached skill level 7 in Shapeshifting
  5043 | D:6      | Reached skill level 5 in Fighting
  5043 | D:6      | Reached XP level 9. HP: 39/61 MP: 9/9
  5900 | D:7      | Found Xalalips's Weapon Shop.
  6320 | D:8      | Offered knowledge of Stone Arrow by Vehumet.
  6329 | D:8      | Slain by a wight

Illustrated notes

Levels and vault maps discovered:
D:1:      wander_arrival_desolate, layout_rooms
D:2:      layout_loops_ring, serial_rivers, chequers_serial_rivers_room_a,
          chequers_serial_rivers_room_a, chequers_serial_rivers_small_3,
          chequers_serial_rivers_micro_b, chequers_serial_rivers_small_a,
          grunt_decor_resistance, minmay_misc_feat_enclosed
D:3:      layout_basic, serial_shops, nicolae_shop_just_a_little_nook,
          hangedman_decor_clover_reticule, columned_hall_lemuel,
          chequers_arboretum
D:4:      layout_basic, nicolae_wu_jian_immortal_techniques,
          gammafunk_temple_overflow_pools, lemuel_coloured_pillars_altar,
          nemelex_diamond_rough_becter, serial_shops,
          nicolae_shop_getting_attention, lightli_corner_chamber
D:5:      layout_basic, okawaru_altar_gauntlet_db, old_standard_altar,
          minmay_temple_entry_statues_fountains, serial_rivers,
          chequers_serial_rivers_small_b, chequers_serial_rivers_marsh,
          chequers_serial_rivers_micro_c, chequers_serial_rivers_room_a,
          chequers_serial_rivers_micro_b, st_stairs_14
D:6:      layout_layer_cave, cheibrodos_sewer_entry_bend,
          ebering_ghost_reflecting_pool, uniq_maggie
D:7:      layout_rooms, serial_shops, shop
D:8:      layout_basic
Temple:   hellmonk_temple_two_chambers

Skill      XL: |  1  2  3  4  5  6  7  8  9 |
---------------+----------------------------+-----
Fighting       | 2 3 4 5 |  5.4
Shapeshifting  | 4 5 6 7 |  7.7
Dodging        | 3 4 5 |  5.7
Unarmed Combat | 4 5 6 |  6.2

Action                     |  1- 3 |  4- 6 |  7- 9 || total
---------------------------+-------+-------+-------++-------
  Melee: Unarmed           |    80 |    69 |       ||   149
         Constrict         |    19 |    26 |    52 ||    97
         Tentacles         |     8 |    15 |    50 ||    73
         Punch             |       |     5 |    11 ||    16
         Hand axe          |       |    13 |   185 ||   198
  Throw: Stone             |    10 |       |       ||    10
         Dart              |       |    61 |   133 ||   194
    Use: Scroll            |     6 |     4 |     5 ||    15
         Potion            |       |       |     1 ||     1
   Stab: Sleeping          |     6 |     1 |     5 ||    12
 Armour: Skin              |    14 |    23 |    70 ||   107
  Dodge: Dodged            |    48 |    51 |   166 ||   265
